 Dungeon Crawl Stone Soup version 0.20.1-1-g8b1a95d (webtiles) character file.

75 Nattfarinn the Stinger (level 4, 0/25 HPs)
             Began as a Deep Elf Venom Mage on Aug 1, 2017.
             Slain by an orc
             ... wielding a +0 club
              (5 damage)
             ... on level 3 of the Dungeon.
             The game lasted 00:04:53 (1677 turns).

Nattfarinn the Stinger (Deep Elf Venom Mage)        Turns: 1677, Time: 00:04:55

Health: 0/25       AC:  2    Str:  5    XL:     4   Next: 11%
Magic:  7/11       EV: 13    Int: 21    God:
Gold:   87         SH:  0    Dex: 15    Spells: 9/10 levels left

rFire    . . .     SeeInvis .   m - +0 hunting sling
rCold    . . .     Gourm    .   (no shield)
rNeg     . . .     Faith    .   a - +0 robe
rPois    .         Spirit   .   (no helmet)
rElec    .         Reflect  .   (no cloak)
rCorr    .         Harm     .   (no gloves)
MR       .....                  (no boots)
Stlth    ++........             e - amulet of magic regeneration
Regen    0.1/turn               (no ring)
MPRegen  0.2/turn               (no ring)

@: no status effects
A: no striking features
a: no special abilities


You were on level 3 of the Dungeon.
You were very hungry.

You visited 1 branch of the dungeon, and saw 3 of its levels.

You collected 87 gold pieces.

Inventory:

Hand Weapons
 i - a -1 hand axe
 m - a +0 hunting sling (weapon)
Missiles
 k - 88 stones (quivered)
 l - 55 sling bullets
Armour
 a - a +0 robe (worn)
Jewellery
 e - an amulet of magic regeneration (around neck)
Scrolls
 f - 2 scrolls of teleportation
 h - a scroll of identify
 n - 3 scrolls of recharging
Potions
 d - 3 potions of curing
 j - a potion of berserk rage {unknown}
Books
 b - a Young Poisoner's Handbook

   Spells                             Type                      Level
   a - Sting                          Conjuration/Poison           1
   b - Poisonous Vapours              Poison/Air                   2
   c - Mephitic Cloud                 Conjuration/Poison/Air       3
   d - Olgreb's Toxic Radiance        Poison                       4
   e - Venom Bolt                     Conjuration/Poison           5
Comestibles
 c - a bread ration
 g - a royal jelly


   Skills:
 * Level 1.1 Fighting
 * Level 0.4 Slings
 * Level 3.0 Dodging
 - Level 2.4 Stealth
 + Level 3.7 Spellcasting
 + Level 1.7 Conjurations
 + Level 4.0 Poison Magic


You had 9 spell levels left.
You knew the following spells:

 Your Spells              Type           Power        Failure   Level  Hunger
a - Sting                 Conj/Pois      ###.         3%          1    None


Dungeon Overview and Level Annotations

Branches:
Dungeon (3/15)

Altars:
Dithmenos
Makhleb

Annotations:
D:3 Ijyb


Message History

The orc hits you with a club.
Casting: Sting
Confirm with . or Enter, or press ? or * to list all spells.
Aiming: Sting
Press: ? - help, Shift-Dir - straight line, f - orc priest
Aim: an orc priest, wearing a leather armour The sting misses the orc priest.
The orc priest misses you. The orc barely misses you.
Casting: Sting
Confirm with . or Enter, or press ? or * to list all spells.
Aiming: Sting
Press: ? - help, Shift-Dir - straight line, f/p - orc priest
Aim: an orc priest, wearing a leather armour The sting hits the orc priest.
The orc priest appears unharmed.
The leopard gecko hisses menacingly.
The orc priest invokes the aid of Beogh against you.
Pain shoots through your body!
* * * LOW HITPOINT WARNING * * *
The orc hits you with a club.
You die...

.....
...... ....
..... #...
.... ...
.r. .. ..
####.#.##
#.....o.#
#....@o.#
#...)..l#
#........#
#.......#.#
#.......#
.#
#.......#
.#
######### #


You could see an orc priest, an orc, a leopard gecko and a quokka.

Vanquished Creatures
  2 adders (D:2)
  A gnoll (D:3)
  A dart slug (D:2)
  2 leopard geckos
  An orc (D:3)
  A ball python (D:2)
  2 giant cockroaches (D:2)
  5 goblins
  3 hobgoblins
  9 jackals
  3 kobolds (D:2)
  A quokka (D:2)
  5 bats
  A frilled lizard (D:2)
  2 rats
39 creatures vanquished.

Notes
Turn   | Place    | Note
-------+----------+-------------------------------------------
     0 | D:1      | Nattfarinn the Deep Elf Venom Mage began the quest for the Orb.
     0 | D:1      | Reached XP level 1. HP: 10/10 MP: 6/6
   111 | D:1      | Reached XP level 2. HP: 15/15 MP: 5/8
   214 | D:1      | You fall through a shaft!
   664 | D:2      | Reached XP level 3. HP: 20/20 MP: 7/9
  1062 | D:2      | Reached skill level 1 in Fighting
  1062 | D:2      | Reached skill level 4 in Poison Magic
  1412 | D:2      | Found a burning altar of Makhleb.
  1412 | D:2      | Found a shadowy altar of Dithmenos.
  1450 | D:3      | Noticed Ijyb
  1453 | D:3      | Reached XP level 4. HP: 25/25 MP: 5/11
  1673 | D:2      | You fall through a shaft!
  1677 | D:3      | Slain by an orc

Skill      XL: |  1  2  3 |
---------------+----------+-----
Fighting       | 1 |  1.1
Poison Magic   | 4 |  4.0
Dodging        | 3 |  3.0
Slings         | |  0.4
Stealth        | |  2.4
Spellcasting   | |  3.7
Conjurations   | |  1.7

Action                   |  1- 3 |  4- 6 || total
-------------------------+-------+-------++-------
Melee: Hand axe          |     9 |       ||     9
 Fire: Hunting sling     |    27 |       ||    27
 Cast: Sting             |    68 |     6 ||    74
  Use: Scroll            |     4 |       ||     4
  Eat: Chunk             |     1 |       ||     1
Armor: Robe              |     8 |       ||     8
Dodge: Dodged            |    32 |     4 ||    36
